AoeStats
← sahlipablo

Four Lakes

509785908Analyzed
1v1 RM · 3d ago on Sep 28, 2026· 37m 55s· 2 players
Game mode
Random Map
Map size
Tiny (2 player)
Population
200
Speed
Normal
Resources
Standard
Victory
Conquest
Starting age
Dark Age
Ending age
Imperial Age
RankedLock teamsTeams togetherTeam positionsShared explorationLock speedFull tech treeHidden civsTurbo modeCheats
Victory
Defeat
🇺🇸 Aztecs · United States
653
+14
🇨🇱 Franks · Chile
613
-14
sahlipablo
9:25 Loom
11:50 Feudal Age
14:11 Wheelbarrow
14:27 Arson
18:13 Fishing Lines
18:32 Double-Bit Axe
23:33 Castle Age
21:47 Gold Mining
21:47 Stone Mining
22:13 Forging
21:56 Fletching
24:07 Gillnets
24:33 Husbandry
24:55 Hand Cart
26:31 Scale Barding Armor
28:54 Bow Saw
29:24 Gold Shaft Mining
29:40 Chain Barding Armor
34:55 Imperial Age
36:16 Hoardings
35:03 Ordonnance Companies
38:04 Hoardings
36:58 Cavalier
Rhomduil8014
10:53 Feudal Age
13:41 Man-at-Arms
19:13 Double-Bit Axe
21:44 Castle Age
21:23 Fletching
21:34 Padded Archer Armor
22:07 Crossbowman
22:49 Bodkin Arrow
23:10 Leather Archer Armor
23:29 Fishing Lines
25:09 Bow Saw
29:30 Imperial Age
29:01 Forging
28:52 Scale Mail Armor
28:50 Gold Mining
28:51 Stone Mining
29:57 Capped Ram
32:10 Redemption
32:11 Fervor
31:57 Herbal Medicine
32:38 Theocracy
32:04 Devotion
32:30 Illumination
32:20 Block Printing
32:26 Sanctity
33:34 Wheelbarrow
32:45 Town Watch
Connection lost

Rejoining the realm…

Still unreachable

The connection could not be restored.

Session expired

The server has moved on; the page needs a fresh start.